AoeStats
← Nomad

Arabia

510211804Analyzed
1v1 RM · 18h ago on Sep 30, 2026· 23m 56s· 2 players
Game mode
Random Map
Map size
Tiny (2 player)
Population
200
Speed
Normal
Resources
Standard
Victory
Conquest
Starting age
Dark Age
Ending age
Imperial Age
RankedLock teamsTeams togetherTeam positionsShared explorationLock speedFull tech treeHidden civsTurbo modeCheats
Victory
Defeat
🇦🇺 Tatars · Australia
1589
+14
🇪🇸 Danes · Spain
1544
-14
Xipitus
3:00 Loom
9:24 Feudal Age
17:05 Castle Age
19:46 Fletching
Nomad
5:10 Loom
8:46 Feudal Age
9:26 Double-Bit Axe
21:22 Castle Age
20:26 Fletching
21:58 Bodkin Arrow
23:33 Bloodlines
23:26 Padded Archer Armor
Connection lost

Rejoining the realm…

Still unreachable

The connection could not be restored.

Session expired

The server has moved on; the page needs a fresh start.